 Dungeon Crawl Stone Soup version 0.18-a0-750-g37044d6 (webtiles) character file.

67 JokEr the Insei (level 4, -3/35 HPs)
             Began as a Vampire Monk on Dec 13, 2015.
             Killed by divine providence
             ... invoked by an orc priest
              (13 damage)
             ... on level 3 of the Dungeon.
             The game lasted 00:05:14 (2191 turns).

JokEr the Insei (Vampire Monk)                      Turns: 2191, Time: 00:05:14

Health: -3/35      AC:  2    Str: 11    XL:     4   Next: 0%
Magic:  4/4        EV: 13    Int: 12    God:
Gold:   68         SH:  0    Dex: 16    Spells: 0 memorised, 3 levels left

rFire  . . .     SeeInvis +       - Unarmed
rCold  . . .     Clarity  .     a - +0 robe
rNeg   + . .     SustAt   +     (no shield)
rPois  .         Gourm    .     (no helmet)
rElec  .         Spirit   .     (no cloak)
rCorr  .         Dismiss  .     (no gloves)
rMut   .         Stasis   .     (no boots)
MR     +....                    i - amulet of faith
Stlth  +++.......               o - ring of protection from magic
                                k - ring of sustain attributes

@: somewhat resistant to hostile enchantments, fairly stealthy
A: fangs 3, see invisible, unbreathing
a: Bat Form


You were on level 3 of the Dungeon.
You were not thirsty.

You visited 1 branch of the dungeon, and saw 3 of its levels.

You collected 68 gold pieces.

Inventory:

Armour
 a - a +0 robe (worn)
Jewellery
 g - an uncursed amulet of faith
 i - an amulet of faith (around neck)
 k - a ring of sustain attributes (left hand)
 n - an uncursed ring of see invisible {unknown}
 o - a ring of protection from magic (right hand)
Scrolls
 d - a scroll of amnesia {unknown}
 f - a scroll of remove curse
 p - 2 scrolls of identify
 q - a scroll of teleportation {unknown}
Potions
 b - 2 potions of blood
 c - a potion of curing {unknown}
 e - a potion of cancellation {unknown}
 h - a potion of heal wounds {unknown}
 j - a potion of lignification {unknown}
 m - a potion of degeneration {unknown}
Books
 l - a book of Callings

   Spells                             Type                      Level
   a - Summon Small Mammal            Summoning                    1
   b - Call Imp                       Summoning                    2
   c - Call Canine Familiar           Summoning                    3
   d - Summon Guardian Golem          Hexes/Summoning              3
   e - Summon Lightning Spire         Summoning/Air                4
   f - Summon Ice Beast               Ice/Summoning                4


   Skills:
 + Level 3.5 Fighting
 - Level 3.2 Dodging
 - Level 4.1 Stealth
 + Level 5.0 Unarmed Combat


You had 3 spell levels left.
You didn't know any spells.

Dungeon Overview and Level Annotations

Branches:
Dungeon (3/15)

Altars:


Innate Abilities, Weirdness & Mutations

You have razor-sharp teeth.
You have supernaturally acute eyesight.
You can survive without breathing.


Message History

There is an open door here.
You see here 9 arrows.
An orc priest comes into view. It is wielding a mace.
A giant gecko comes into view.
The orc priest shouts!
You hit the orc priest.
The orc priest is lightly wounded.
The orc priest hits you with a mace.
A worm comes into view.
You hit the orc priest.
The orc priest is moderately wounded.
The orc priest mumbles some strange prayers to Beogh against you.
Something smites you! The worm bites you!
* * * LOW HITPOINT WARNING * * *
You are too injured to fight recklessly!
Drink which item? (? for menu, Esc to quit)
Yummy - fresh blood!
The orc priest calls down the wrath of Beogh upon you.
Something smites you!
You die...

..##.....#.####.##.# #.#
..##.....#.# #.##.# #.#
...........# #..#(# #.#
...#############.#.####.#
...# #.........#......#
...#####.........########
.................#
.....###.........# ..##.#
#########@# ####.#
#ow...... # ... #........
# #.... ##...l... #
#..... ....... ###......
..##### ..+....... ..#
###..%..... ..# #


You could see a worm, an orc priest and a giant gecko.

Vanquished Creatures
  2 adders
  2 worms (D:2)
  2 orcs (D:3)
  A ball python (D:2)
  10 bats
  5 giant cockroaches
  3 hobgoblins
  8 kobolds
  2 giant newts (D:1)
  5 goblins
  4 rats
44 creatures vanquished.

Notes
Turn   | Place    | Note
--------------------------------------------------------------
     0 | D:1      | JokEr the Vampire Monk began the quest for the Orb.
     0 | D:1      | Reached XP level 1. HP: 17/17 MP: 1/1
   385 | D:1      | Reached XP level 2. HP: 23/23 MP: 2/2
   843 | D:2      | Reached XP level 3. HP: 6/29 MP: 3/3
  1404 | D:2      | Found a faded altar to an unknown god.
  1894 | D:3      | Reached skill level 5 in Unarmed Combat
  2074 | D:3      | Reached XP level 4. HP: 32/35 MP: 4/4
  2191 | D:3      | Killed from afar by an orc priest

Vault maps used:
D:1:      dpeg_arrival_arbitrary_b
D:2:      ecumenical_altar_2
D:3:      first_bread, st_stairs_4

Action                   |  1- 3 |  4- 6 || total
-------------------------+-------+-------++-------
Melee: Unarmed           |   133 |     2 ||   135
  Use: Scroll            |     6 |       ||     6
       Potion            |     3 |     2 ||     5
 Stab: Sleeping          |    20 |       ||    20
